FIQ, chaotic male vampiric Wizard ----- --------------- --*|.-- ---.............------ |.....----- ---- ----|....---------..+....-------- |.........| ---..|--------..||..--- ------..........||..| --........----....--..||.....--.-- --..--.....---...--..| ---..................--........| --.........-- --......-- ---......................-.--- |.........-- |.......| |........................| --........| --...|..| ----....%...........(..--- |.......-| ---.------ | |........---.....)[.----- ---....((----|...| |.----- --........---......).^...| --......|.--.--- |.G....-----.............>..........-- |...0_).....| --...f..||..........................| ---.....%.....-- |.......--..---....---..............-- |..............| |....................................| |.....)........| ----..@d-.------..----...---.........- ---....*.%..---- --.......- ---- -.--- ---........| |.........| --...--... ..| --......-- ---..<--.-- |.0-- -..- ---- --...-- -------- |..| --- ---- ---- FIQ the Thaumaturge Experience level: 6 Strength: 9 Dexterity: 15 Constitution: 17 Intelligence: 16 Wisdom: 9 Charisma: 8 Health: 0(53) Energy: 67(72) AC: 9 Gold: 429 Moves: 2547 Your Inventory: Coins $ - 429 gold pieces Amulets v - an [uncursed] spherical amulet [of unchanging] (being worn) Weapons a - a blessed +1 quarterstaff (alternate weapon; not wielded) u - an uncursed [+0] runed dagger [elven] (weapon in hand) Armor b - an uncursed thoroughly burnt +0 cloak of magic resistance (being worn) p - an [uncursed] +0 iron skull cap [orcish helm] (being worn) Comestibles n - an uncursed lichen corpse Scrolls i - an uncursed scroll of confuse monster Potions C - an [uncursed] greasy potion [of gain energy] Rings d - an uncursed ring of invisibility e - an uncursed ring of teleport control Wands c - an uncursed wand of magic missile (1:8) Tools t - an uncursed towel w - an uncursed magic whistle Gems y - an uncursed blue gem [worthless glass] Spells known in the end: Name Level Category Fail Memory a - force bolt 1 attack 0% [||||||||] b - haste self 3 escape 97% [||||||||] c - create monster 2 clerical 70% [||||||||] d - restore ability 4 healing 100% [||||||||] e - polymorph 6 matter 100% [||||||||] Your skills at the end: Fighting Skills Weapon Skills quarterstaff [Basic / Expert] Spellcasting Skills attack spells [Basic / Expert] enchantment spells [Basic / Skilled] Final Attributes: You were piously aligned. Hunger level was 315. Your alignment was 22 / 22. Monster difficulty range was 0 - 5. Level difficulty was 5. You were immune to level-drain. You were magic-protected. You could fly. You could survive without air. You regenerated. You could not change from your current form. Your luck was zero. You are dead. Vanquished creatures: a small mimic 2 leprechauns a human zombie an orc shaman 2 shriekers 2 floating eyes 2 dwarves a monkey a wererat an acid blob a hobbit 2 manes a large kobold a hobgoblin 2 yellow molds 2 red molds 6 gnomes a gecko 5 jackals 2 foxes 4 goblins 2 sewer rats 8 grid bugs a bat 3 lichens 6 newts 61 creatures vanquished. Voluntary challenges: You used a wielded weapon 61 times. You read items or engraved 4 times. You put on armor 3 times. You never genocided any monsters. You never polymorphed an object. You never changed form. You used no wishes. You never wrote Elbereth's name. You encountered 1 bones level. You never used any Sokoban shortcuts. Dungeon overview: The Dungeons of Doom: levels 1 to 4 Level 1 a sink a long staircase Level 2 a delicatessen, an altar Level 3 an altar to Anhur Level 4 a general store, an altar to Anhur, some fountains stairs to The Gnomish Mines The Gnomish Mines: Level 5 <- You were here stairs to The Dungeons of Doom History has recorded: On T:1 you entered the Dungeons of Doom to retrieve the Amulet of Yendor! On T:294 you advanced to experience level 2. On T:418 you reached level 2 of The Dungeons of Doom. On T:890 you advanced to experience level 3. On T:1029 you advanced to experience level 4. On T:1102 you reached level 3 of The Dungeons of Doom. On T:1450 you reached level 4 of The Dungeons of Doom. On T:1540 you advanced to experience level 5. On T:2151 you advanced to experience level 6. On T:2227 you reached level 1 of The Gnomish Mines. Latest messages: You are hit by a boulder! The dog bites! (2x) [HP-25=20] You miss the dog. (2x) The dog bites! [HP-5=15] You hit the dog. You bite the dog. The dog bites! (2x) [HP-3=12] [HP+1=13] [HP+1=14] The dog bites! [HP-2=12] Click! The dog triggers a rolling boulder trap. The boulder hits the dog. [HP+1=13] You miss the dog. You bite the dog. The dog bites! [HP-4=9] The spell misses the dog. The dog bites! (2x) You die... Final status: Goodbye FIQ the Wizard... You died in The Gnomish Mines on dungeon level 5 with 2365 points, and 429 pieces of gold, after 2547 moves. You were level 6 with a maximum of 53 hit points when you died.